 Dungeon Crawl Stone Soup version 0.26.0-10-g1f06aea511 (webtiles) character file.

Game seed: 3401350576624430662

20377 MajorAdolf the Covert (level 12, -5/116 HPs)
             Began as a Naga Wanderer on Jan 16, 2021.
             Was an Initiate of Gozag.
             Shot with an arrow by a centaur warrior (7 damage)
             ... on level 13 of the Dungeon.
             The game lasted 00:45:47 (23907 turns).

MajorAdolf the Covert (Naga Wanderer)              Turns: 23907, Time: 00:45:48

Health: -5/116     AC: 15    Str: 14    XL:     12   Next: 78%
Magic:  16/20      EV: 13    Int: 18    God:    Gozag
Gold:   569        SH:  0    Dex: 11    Spells: 7/22 levels left

rFire    + . .     SeeInvis +   j - +4 short sword
rCold    . . .     Faith    .   (no shield)
rNeg     . . .     Spirit   .   x - +2 robe {rF+}
rPois    +         Reflect  .   R - +0 helmet
rElec    .         Harm     .   F - +2 cloak
rCorr    .         Rampage  .   (no gloves)
Will     +....                  (no barding)
Stlth    ++++......             (no amulet)
HPRegen  0.29/turn              J - +4 ring of evasion
MPRegen  0.17/turn              y - +4 ring of protection

@: gold aura, slowed, very slow
A: large, see invisible, deformed body, poison resistance, slowness 2, spit
poison 1, AC +4
a: Spit Poison, Renounce Religion, Potion Petition, Call Merchant, Bribe Branch


You were on level 13 of the Dungeon.
You worshipped Gozag.
Gozag was pleased with you.
You visited 2 branches of the dungeon, and saw 15 of its levels.
You also visited: Bailey and Gauntlet.

You collected 3686 gold pieces.
You spent 1807 gold pieces at shops.
You paid 1310 gold pieces to Gozag.

Inventory:

Hand Weapons
 a - a +2 hand axe
 b - a +0 quarterstaff
 d - a +0 dagger
 j - a +4 short sword (weapon)
 n - a +1 dagger of draining
 z - the +1 dagger of Theory {vorpal, rF+ Str+6 Stlth-, unknown}
   (You found it on level 7 of the Dungeon)

   It inflicts extra damage upon your enemies.
   It affects your strength (+6).
   It protects you from fire.
   It makes you less stealthy.
Missiles
 c - 6 silver javelins
Armour
 k - a +2 robe of cold resistance
 x - a +2 robe of fire resistance (worn)
 F - a +2 cloak (worn)
 M - a scarf of shadows
 R - a +0 helmet (worn)
Magical Staves
 H - an uncursed staff of cold
Jewellery
 m - an uncursed ring of stealth
 o - an uncursed ring of stealth
 y - a +4 ring of protection (right hand)
 B - an uncursed amulet of guardian spirit
 J - a +4 ring of evasion (left hand)
Wands
 f - a wand of random effects (42)
 q - a wand of acid (8)
 t - a wand of paralysis (11)
 K - a wand of disintegration (5)
 O - a wand of iceblast (6)
Scrolls
 e - a scroll of immolation
 g - 9 scrolls of remove curse
 l - 4 scrolls of fog
 u - a scroll of acquirement {unknown}
 w - 2 scrolls of enchant armour
Potions
 i - 3 potions of might
 s - a potion of resistance
 v - a potion of curing
 A - a potion of cancellation
 C - a potion of ambrosia
 E - a potion of magic
 N - a potion of flight
 P - a potion of brilliance {unknown}
Miscellaneous
 r - a phial of floods
 G - a tin of tremorstones (inert)


   Skills:
 - Level 10.0 Fighting
 + Level 9.7 Short Blades
 - Level 2.0 Axes
 - Level 1.0 Staves
 - Level 1.0 Armour
 - Level 11.0 Stealth
 + Level 5.5 Spellcasting
 + Level 3.9 Conjurations
 + Level 4.7 Hexes
 + Level 5.5 Transmutations
 + Level 5.3 Fire Magic
 + Level 5.9 Air Magic
 + Level 8.0 Poison Magic


You had 7 spell levels left.
You knew the following spells:

 Your Spells              Type           Power        Failure   Level
a - Poisonous Vapours     Pois/Air       60%          1%          2
b - Ignite Poison         Fire/Tmut/Pois 27%          2%          3
c - Confusing Touch       Hex            22%          5%          3
d - Olgreb's Toxic Radia  Pois           33%          4%          4
e - Mephitic Cloud        Conj/Pois/Air  26%          3%          3

Your spell library contained the following spells:

 Spells                   Type           Power        Failure   Level
 Beastly Appendage        Tmut           48%          1%          1
 Corona                   Hex            24%          1%          1
 Sting                    Tmut/Pois      100%         1%          1
 Slow                     Hex            22%          2%          2
 Inner Flame              Hex/Fire       23%          4%          3
 Tukima's Dance           Hex            22%          5%          3
 Passwall                 Tmut/Erth      11%          6%          2
 Dazzling Flash           Conj/Hex       40%          6%          3
 Ensorcelled Hibernation  Hex/Ice        26%          7%          2
 Freeze                   Ice            16%          13%         1
 Sandblast                Erth           8%           13%         1
 Stone Arrow              Conj/Erth      24%          17%         3
 Call Imp                 Summ           4%           19%         2
 Frozen Ramparts          Ice            8%           36%         3
 Gell's Gravitas          Tloc           2%           36%         3
 Ozocubu's Armour         Ice            4%           36%         3
 Petrify                  Tmut/Erth      14%          38%         4
 Yara's Violent Unravell  Hex/Tmut       11%          38%         5
 Hailstorm                Conj/Ice       12%          50%         4
 Summon Ice Beast         Ice/Summ       4%           77%         4
 Eringya's Noxious Bog    Tmut/Pois      14%          77%         6
 Metabolic Englaciation   Hex/Ice        6%           78%         5
 Lee's Rapid Deconstruct  Erth           2%           98%         5
 Summon Forest            Summ/Tloc      2%           98%         5
 Summon Hydra             Summ           2%           100%        7


Dungeon Overview and Level Annotations

Branches:
Dungeon (14/15)            Temple (1/1) D:6            Lair (0/6) D:10
    Orc (0/2) D:11         Vaults (0/5) D:13         Bailey (visited)
Gauntlet (visited)

Altars:
Ashenzari
Cheibriados
Dithmenos
Elyvilon
Fedhas
Gozag
Hepliaklqana
Kikubaaqudgha
Makhleb
Nemelex Xobeh
Okawaru
Qazlal
Ru
Sif Muna
Trog
Uskayaw
Vehumet
Wu Jian
Xom
Yredelemnul
Zin
The Shining One

Shops:
D:7 :   D:10 }   D:13 [[

Annotations:
D:4 1 runed translucent door, skk's ghost, amateur TeGl
D:9 1 runed translucent door, Mesmaeker13's ghost, novice SpWr


Innate Abilities, Weirdness & Mutations

You cannot wear boots.
Your serpentine skin is tough. (AC +4)
You have supernaturally acute eyesight. (SInv)
Armour fits poorly on your strangely shaped body.
Your system is resistant to poisons. (rPois)
You cover ground very slowly.
You can spit poison.


Message History

The vault guard barely misses you.
Okay, then.
As you read the scroll of fear, it crumbles to dust.
You assume a fearsome visage.
The boulder beetle looks frightened!
The vault guard looks frightened!
The cyclops looks frightened!
The boulder beetle leaps!
The centaur warrior yells at you, "GO AWAY!"
Cornered, the centaur warrior turns to fight!
The boulder beetle leaps!
The centaur warrior wields a +0 shortbow.
The centaur warrior shoots an arrow.
The arrow hits you!
* * * LOW HITPOINT WARNING * * *
The centaur warrior shoots an arrow.
The arrow hits you!
* * * LOW HITPOINT WARNING * * *
You see here 2 arrows.
Unknown command.
The boulder beetle seems to regain its courage.
The centaur warrior shoots an arrow.
The arrow hits you!
You die...
Your body crumbles into a pile of gold.

## ###### ##.#
#.#c#∩# #l#.#
#)#.#.#
##B#.#.#.#.#
#.#.#p#$#.#$
####.#.#.#.#
#.##.#.#.#@#.#
#.#..##.#.#(#$#
###....#.#.#.#.#.#
........##########
###..........#
#.#........# ## #
##.....#.#.# ..#
##...##.#.### #.#
##.##....... $


You could see a boulder beetle, a centaur warrior and a basilisk (wandering).

Vanquished Creatures
  Frances (D:13)
  A hydra (D:11)
  2 boulder beetles (D:12)
  A centaur warrior (D:13)
  A two-headed ogre (D:11)
  A tengu warrior (D:13)
  4 skeletal warriors
  An unseen horror (D:12)
  2 ugly things (D:12)
  A cyclops (D:13)
  A gargoyle (D:12)
  A komodo dragon (D:10)
  3 trolls
  A meliai (shapeshifter) (D:13)
  3 hornets
  A vampire (D:13)
  A shadow (D:6)
  3 wyverns
  4 yaks (D:10)
  2 basilisks (D:10)
  A wraith (D:13)
  A warg (D:11)
  2 soldier ants
  5 water moccasins
  4 ice beasts
  9 orc warriors
  4 sky beasts
  A black bear (D:10)
  6 ogres
  A necrophage (D:11)
  3 centaurs
  2 big kobolds (D:8)
  4 bullfrogs
  4 scorpions
  14 wights
  10 killer bees (D:12)
  A howler monkey (D:10)
  A bullfrog zombie (D:11)
  3 hounds
  11 orc priests
  6 jellies
  15 orc wizards
  3 centaur skeletons
  3 iguanas
  9 worker ants
  A gnoll (D:1)
  14 adders
  3 shadow imps
  2 white imps
  3 ufetubi
  An ooze (D:4)
  An adder skeleton (D:4)
  A worm (D:2)
  A dart slug (D:1)
  5 leopard geckos
  38 orcs
  5 ball pythons
  8 giant cockroaches
  9 goblins
  11 hobgoblins
  16 jackals
  3 quokkas
  5 bats
  4 frilled lizards
  35 kobolds
  7 rats
  A spectral orc (D:7)
332 creatures vanquished.

Vanquished Creatures (others)
  An orc wizard (D:7)
  A hound zombie (D:6)
  7 fungi
  45 plants
54 creatures vanquished.

Grand Total: 386 creatures vanquished

Notes
Turn   | Place    | Note
-------+----------+-------------------------------------------
     0 | D:1      | MajorAdolf the Naga Wanderer began the quest for the Orb.
     0 | D:1      | MajorAdolf set off with the following items: a +2 hand axe,
                  | a +0 quarterstaff, a +0 ring mail, a +0 dagger
     0 | D:1      | Reached XP level 1. HP: 22/22 MP: 1/1
   152 | D:1      | Reached XP level 2. HP: 24/31 MP: 2/2
   487 | D:1      | Reached XP level 3. HP: 33/38 MP: 3/3
   726 | D:1      | Reached skill level 5 in Fighting
  1194 | D:2      | Reached skill level 1 in Short Blades
  1442 | D:2      | Reached XP level 4. HP: 39/46 MP: 4/4
  2616 | D:3      | Reached XP level 5. HP: 33/51 MP: 5/5
  3027 | D:4      | Found a runed translucent door.
  3030 | D:4      | Noticed skk's ghost (amateur TeGl)
  3148 | D:4      | Found a shimmering blue altar of Sif Muna.
  3737 | D:4      | Noticed an ogre
  3748 | D:4      | Killed an ogre
  3749 | D:4      | Reached skill level 4 in Stealth
  3749 | D:4      | Reached XP level 6. HP: 30/62 MP: 6/6
  4486 | D:5      | Entered Level 5 of the Dungeon
  4612 | D:5      | Noticed a sky beast
  4624 | D:5      | Killed a sky beast
  4625 | D:5      | Reached skill level 5 in Stealth
  5006 | D:5      | Found a white marble altar of Elyvilon.
  5066 | D:5      | Reached XP level 7. HP: 52/70 MP: 5/7
  5343 | D:5      | Reached skill level 6 in Stealth
  6086 | D:6      | Reached skill level 7 in Stealth
  6100 | D:6      | Reached XP level 8. HP: 79/80 MP: 8/8
  6207 | D:6      | Found a staircase to the Ecumenical Temple.
  6329 | Temple   | Entered the Ecumenical Temple
  6431 | Temple   | Became a worshipper of Gozag Ym Sagoz the Greedy
  6451 | D:6      | You fall into a shaft and drop 2 floors!
  6453 | D:8      | Found a flagged portal.
  6460 | Bailey   | Entered a bailey
  7571 | Bailey   | Reached skill level 5 in Short Blades
  7671 | Bailey   | Reached skill level 8 in Stealth
  8587 | D:8      | Reached skill level 9 in Stealth
  8997 | D:8      | Noticed a hornet
  9012 | D:8      | Killed a hornet
  9013 | D:8      | Reached XP level 9. HP: 73/90 MP: 7/9
  9559 | D:8      | Reached skill level 10 in Stealth
  9801 | D:8      | Found a sparkling altar of Nemelex Xobeh.
 10602 | D:7      | Reached skill level 11 in Stealth
 10623 | D:7      | Bought the Volume of Envenoming and Creation for 770 gold
                  | pieces
 10626 | D:7      | Learned a level 2 spell: Poisonous Vapours
 10785 | D:7      | Got an encrusted dagger
 10989 | D:7      | Reached skill level 1 in Poison Magic
 11117 | D:7      | Found a basalt altar of Yredelemnul.
 11289 | D:7      | Reached skill level 1 in Air Magic
 11766 | D:6      | Reached skill level 1 in Spellcasting
 11845 | D:6      | You fall into a shaft and drop 3 floors!
 11897 | D:9      | Found a runed translucent door.
 11898 | D:9      | Noticed Mesmaeker13's ghost (novice SpWr)
 11898 | D:9      | Noticed a polar bear
 11899 | D:9      | Identified the +7 spear of Infection {pain, rC+}
 11926 | D:9      | Reached XP level 10. HP: 99/99 MP: 12/12
 12494 | D:6      | Found a stormy altar of Qazlal.
 13062 | D:7      | Bought the Grimoire of Entrancing Shape Shifting for 622
                  | gold pieces
 13066 | D:7      | Learned a level 3 spell: Ignite Poison
 13936 | D:10     | Entered Level 10 of the Dungeon
 13936 | D:10     | Found Hekhloho's Gadget Emporium.
 13960 | D:10     | Bought a wand of acid (7) for 286 gold pieces
 14052 | D:10     | Reached skill level 1 in Transmutations
 14052 | D:10     | Reached skill level 1 in Fire Magic
 15102 | D:10     | Learned a level 3 spell: Confusing Touch
 15499 | D:10     | Found a staircase to the Lair.
 15548 | D:10     | Reached skill level 1 in Hexes
 15939 | D:10     | Reached XP level 11. HP: 106/108 MP: 16/16
 15963 | D:10     | Found a burning altar of Makhleb.
 16506 | D:11     | Reached skill level 5 in Poison Magic
 16520 | D:11     | Found a staircase to the Orcish Mines.
 16706 | D:11     | Found a gate leading to a gauntlet.
 16722 | Gauntlet | Entered a Gauntlet
 16722 | Gauntlet | Found a transporter.
 16778 | Gauntlet | Noticed a fire crab
 16937 | Gauntlet | Found a transporter.
 16942 | Gauntlet | Found a transporter.
 16950 | Gauntlet | Found a transporter.
 16951 | Gauntlet | Found a transporter.
 16959 | Gauntlet | Found a transporter.
 17000 | Gauntlet | Found a transporter.
 17000 | Gauntlet | Found a transporter.
 17009 | Gauntlet | Found a transporter.
 17045 | Gauntlet | Found a transporter.
 17047 | Gauntlet | Found a transporter.
 17056 | Gauntlet | Found a transporter.
 17654 | D:11     | Reached skill level 10 in Fighting
 17866 | D:11     | Noticed a two-headed ogre
 17890 | D:11     | Killed a two-headed ogre
 18017 | D:11     | Learned a level 4 spell: Olgreb's Toxic Radiance
 18399 | D:11     | Noticed a four-headed hydra
 18402 | D:11     | Killed a four-headed hydra
 18601 | D:11     | Learned a level 3 spell: Mephitic Cloud
 18976 | D:12     | Reached skill level 1 in Conjurations
 19019 | D:12     | Noticed a white ugly thing
 19022 | D:12     | Noticed a boulder beetle
 19077 | D:12     | Noticed an unseen horror
 19339 | D:12     | Killed a boulder beetle
 19431 | D:12     | Killed a white ugly thing
 20152 | D:12     | Killed an unseen horror
 20444 | D:12     | Noticed a brown ugly thing
 20449 | D:12     | Killed a brown ugly thing
 20450 | D:12     | Reached skill level 5 in Air Magic
 20711 | D:12     | Noticed a boulder beetle
 20716 | D:12     | Killed a boulder beetle
 20717 | D:12     | Reached XP level 12. HP: 116/116 MP: 7/19
 20820 | D:13     | Bought an embroidered robe for 129 gold pieces
 21683 | D:13     | Noticed Frances
 21700 | D:13     | Killed Frances
 21701 | D:13     | Reached skill level 5 in Spellcasting
 21701 | D:13     | Reached skill level 5 in Transmutations
 21772 | D:13     | Noticed a tengu warrior
 21775 | D:13     | Found Fefott's Antique Armour Shop.
 21829 | D:13     | Killed a tengu warrior
 22176 | D:13     | Reached skill level 5 in Fire Magic
 22719 | D:13     | Noticed a centaur warrior
 22735 | D:13     | Killed a centaur warrior
 23896 | D:13     | Noticed a centaur warrior
 23896 | D:13     | Noticed a boulder beetle
 23896 | D:13     | Noticed a boulder beetle
 23897 | D:13     | Noticed a vault guard
 23900 | D:13     | Found a gate to the Vaults.
 23906 | D:13     | HP: 1/116 [centaur warrior/arrow (9)]
 23907 | D:13     | Shot with an arrow by a centaur warrior

Illustrated notes

Levels and vault maps discovered:
D:1:      lightli_arrival_maybe_door_vault, layout_basic
D:2:      layout_loops_ring, serial_rivers, chequers_serial_rivers_small_b,
          chequers_serial_rivers_marsh, chequers_serial_rivers_micro_d,
          chequers_serial_rivers_large_a, chequers_serial_rivers_large_b,
          chequers_serial_rivers_micro_b, minmay_shallow_snake_nest
D:3:      layout_basic, mrwooster_statue_mirror
D:4:      layout_basic, overflow_temple_1_default,
          ebering_ghost_reflecting_pool, minmay_between
D:5:      layout_loops_cross, marbit_many_paths, minmay_hedge_maze
D:6:      layout_basic, grunt_qazlal_clouds,
          minmay_temple_entry_drinking_statues
D:7:      layout_basic, yredelemnul_forgotten_temple_becter
D:8:      layout_loops_ring, basic_altar, enter_bailey_2, minmay_small_thing
D:9:      layout_small_grid, ebering_ghost_funeral_grove
D:10:     layout_gridville, minmay_lair_entry_grove, serial_shops, shop,
          bloody_makhleb
D:11:     layout_stronghold, david_orc_3, gauntlet_entry_generic
D:12:     layout_roguey, minmay_misc_feat_more_columns
D:13:     layout_loops_ring, david_vaults_5, serial_shops, shop_fountains,
          the_bakery, uniq_frances
D:14:     layout_basic, ebering_dispersal_statue_hall,
          nicolae_straight_to_the_point
Temple:   compressed_dpeg_circular_temple

Skill      XL: |  1  2  3  4  5  6  7  8  9 10 11 12 |
---------------+-------------------------------------+-----
Fighting       | 5 6 7 8 9 10 | 10.0
Short Blades   | 1 2 3 4 6 7 8 9 |  9.7
Stealth        | 4 5 7 9 11 | 11.0
Poison Magic   | 2 4 6 8 |  8.0
Air Magic      | 1 3 5 |  5.9
Spellcasting   | 1 3 4 5 |  5.5
Transmutations | 2 4 5 |  5.5
Fire Magic     | 2 4 5 |  5.3
Hexes          | 1 3 4 |  4.7
Conjurations   | 2 3 |  3.9
Axes           | |  2.0
Staves         | |  1.0
Armour         | |  1.0

Action                   |  1- 3 |  4- 6 |  7- 9 | 10-12 || total
-------------------------+-------+-------+-------+-------++-------
Melee: Hand axe          |    34 |       |       |       ||    34
       Short sword       |    29 |   165 |   400 |   550 ||  1144
 Cast: Poisonous Vapours |       |       |     4 |   147 ||   151
       Ignite Poison     |       |       |       |    30 ||    30
       Olgreb's Toxic Ra |       |       |       |     2 ||     2
       Mephitic Cloud    |       |       |       |    26 ||    26
Invok: Call Merchant     |       |       |     1 |     1 ||     2
 Abil: Spit Poison       |     1 |     7 |    42 |    23 ||    73
Evoke: Wand              |       |       |       |     8 ||     8
       Tin of tremorston |       |       |       |     2 ||     2
  Use: Scroll            |       |    13 |     3 |    24 ||    40
       Potion            |       |       |     4 |     6 ||    10
 Stab: Sleeping          |     1 |    14 |    13 |    10 ||    38
       Distracted        |       |       |     2 |     4 ||     6
       Confused          |       |       |       |     3 ||     3
Armor: Ring mail         |    30 |    22 |       |       ||    52
       Robe              |       |    40 |   127 |   222 ||   389
       Skin              |       |       |    27 |    13 ||    40
Dodge: Dodged            |    26 |    79 |   163 |   297 ||   565
